Map: Bel'Shir Vestige LE (Void)

Players

MEMMO

  • Race: Terran Terran
  • League: Diamond
  • Spawn Location: 5:00

Musumeci - Winner!

  • Race: Zerg Zerg
  • League: Diamond
  • Spawn Location: 11:00

VOD

Have the link to the VOD?

Description

Time

  • Played on: March 16, 2017, 2:50 p.m.
  • Length: 18:29
Show
View Real Time Build Order
Export as new Build Order

MEMMO Terran 

Build Orders: Reaper Expand, Mech 

Get SALT Encoding   

  12  0:03  SCV  
  13  0:15  SCV  
  13  0:19  Supply Depot  
  14  0:27  SCV  
  15  0:41  SCV  
  15  0:42  Barracks  
  16  0:47  Refinery  
  16  0:53  SCV  
  17  1:07  SCV  
  18  1:19  SCV  
  19  1:32  Reaper  
  20  1:33  Orbital Command  
  20  1:44  Command Center  
  20  2:02  SCV  
  20  2:05  Barracks Reactor, Supply Depot  
  21  2:08  Refinery  
  21  2:14  SCV  
  22  2:26  SCV  
  23  2:30  Factory  
  23  2:38  SCV  
  24  2:47  Marine x2  
  24  2:50  SCV  
  27  2:58  Bunker, Orbital Command  
  27  3:05  SCV  
  28  3:07  Marine  
  28  3:08  Marine  
  30  3:17  SCV, Starport  
  31  3:29  SCV  
  31  3:33  Hellion x2  
  36  3:36  SCV  
  36  3:41  SCV  
  38  3:43  Supply Depot  
  38  3:48  SCV  
  38  3:53  SCV  
  40  3:56  Hellion x2, Medivac  
  46  4:05  SCV x2, Supply Depot  
  48  4:10  Supply Depot  
  48  4:14  Barracks Tech Lab  
  48  4:17  SCV x2  
  53  4:30  Command Center  
  50  4:42  SCV x2  
  52  4:53  Starport Reactor  
  52  4:54  SCV x2  
  52  4:55  Factory  
  54  5:00  Factory  
  54  5:01  Barracks Reactor  
  54  5:03  Hellion  
  54  5:06  SCV x2  
  58  5:18  SCV  
  58  5:19  SCV  
  60  5:29  Hellion x2  
  60  5:30  SCV  
  60  5:31  SCV, Medivac  
  60  5:34  Viking  
  60  5:35  Supply Depot  
  70  5:38  Refinery  
  70  5:40  Refinery, Supply Depot x2  
  70  5:41  Siege Tank  
  74  5:42  SCV  
  74  5:43  SCV  
  74  5:44  Supply Depot  
  74  5:47  Supply Depot  
  75  5:50  Factory Tech Lab  
  75  5:54  Factory, SCV  
  75  5:55  SCV  
  77  6:00  Engineering Bay  
  77  6:03  Infernal Pre-Igniter  
  77  6:07  SCV x2  
  82  6:18  Siege Tank  
  82  6:19  SCV x2  
  84  6:31  Orbital Command, SCV  
  85  6:41  Siege Tank  
  85  6:42  Viking  
  85  6:44  SCV, Hellion x2  
  89  7:04  Hellion, Siege Tank  
  94  7:13  Siege Tank  
  93  7:20  Hellion  
  93  7:22  Hellion x2  
  99  7:25  SCV  
  99  7:26  Hellion  
  99  7:28  Refinery  
  102  7:30  Refinery  
  102  7:36  Siege Tank  
  103  7:50  SCV  
  103  7:51  Viking  
  106  7:53  Hellion, Siege Tank  
  106  7:55  Command Center  
  105  8:00  SCV  
  106  8:08  Siege Tank  
  106  8:09  Hellion x2  
  106  8:10  Hellion  
  115  8:15  Hi-Sec Auto Tracking  
  115  8:19  SCV  
  116  8:25  Siege Tank  
  116  8:27  Barracks Tech Lab  
  119  8:28  Factory  
  119  8:29  Starport Tech Lab  
  119  8:32  Armory  
  119  8:33  Armory  
  119  8:38  Hellion x3  
  125  8:45  Siege Tank  
  128  9:00  Command Center  
  128  9:12  Orbital Command  
  127  9:19  Command Center  
  127  9:21  Terran Vehicle Weapons Level 1, Terran Vehicle And Ship Armor Level 1  
  127  9:24  Thor x2  
  139  9:32  Raven  
  141  9:40  Thor  
  147  9:47  Building Armor  
  147  9:52  Supply Depot  
  147  9:55  Supply Depot  
  147  9:57  Supply Depot  
  147  9:58  Supply Depot  
  147  9:59  Supply Depot  
  147  10:12  Hellion x4  
  155  10:23  Raven  
  157  10:30  Orbital Command  
  157  10:32  Planetary Fortress  
  157  10:33  Missile Turret  
  157  10:35  Missile Turret  
  157  10:46  Missile Turret  
  157  10:48  Missile Turret x2  
  157  10:51  Missile Turret  
  157  10:53  Missile Turret  
  157  10:55  Thor x3  
  175  11:06  Missile Turret  
  146  11:38  Thor  
  149  11:41  Terran Vehicle Weapons Level 2, Siege Tank  
  149  11:42  Terran Vehicle And Ship Armor Level 2  
  144  11:58  Siege Tank  
  137  12:04  Hellion  
  137  12:06  Hellion  
  137  12:07  Hellion  
  143  12:13  Siege Tank  
  146  12:21  Siege Tank  
  131  12:29  Hellion  
  121  12:30  Siege Tank  
  96  12:45  Siege Tank  
  96  12:47  Hellion  
  82  12:53  Siege Tank  
  77  13:02  Siege Tank  
  64  13:17  Hellion x2  
  64  13:18  Siege Tank  
  63  13:22  Orbital Command  
  63  13:25  Siege Tank  
  55  13:34  Siege Tank  
  55  13:39  Orbital Command, SCV  
  55  13:40  SCV x2  
  58  13:48  Missile Turret, Hellion x3  
  64  13:50  Siege Tank  
  64  13:53  Refinery, Hellion  
  64  13:55  Refinery  
  69  13:57  SCV, Siege Tank  
  69  14:01  Orbital Command  
  71  14:06  Siege Tank  
  74  14:18  SCV x5  
  79  14:30  SCV x4  
  79  14:42  SCV x4  
  83  14:48  SCV  
  83  14:50  Siege Tank x2  
  90  14:54  SCV x3  
  90  14:55  SCV  
  97  15:00  SCV, Siege Tank  
  97  15:01  Hellion x4  
  97  15:06  SCV x2  
  97  15:07  SCV x2  
  110  15:18  Command Center  
  110  15:22  Hellion, Command Center  
  95  15:43  Siege Tank  
  95  15:44  Siege Tank  
  100  15:56  Siege Tank  
  97  16:07  Orbital Command  
  97  16:11  Hellion x3  
  103  16:15  Siege Tank  
  103  16:16  Siege Tank  
  105  16:29  Hellion, Siege Tank  
  110  16:41  Command Center  
  110  16:47  Siege Tank  
  113  16:57  Hellion  
  113  16:58  Hellion x3  
  121  17:09  Siege Tank  
  116  17:20  Siege Tank  
  115  17:51  Hellion, Siege Tank  
  98  17:54  Siege Tank x2  
  86  18:00  Hellion x2  
  86  18:01  Hellion  
Show
View Real Time Build Order
Export as new Build Order

Musumeci Zerg - Winner!

Build Orders: Hatch First 

Get SALT Encoding   

  12  0:07  Drone  
  13  0:10  Drone  
  14  0:16  Extractor  
  14  0:17  Drone  
  15  0:50  Hatchery  
  15  0:55  Drone, Extractor  
  15  1:13  Spawning Pool  
  14  1:20  Drone x2, Extractor x2  
  16  1:41  Overlord  
  16  1:48  Extractor  
  15  1:59  Drone x3  
  15  2:00  Queen  
  20  2:01  Queen  
  20  2:03  Drone  
  23  2:11  Drone  
  23  2:13  Drone  
  25  2:20  Overlord  
  25  2:35  Queen  
  27  2:38  Queen  
  27  2:40  Spore Crawler  
  28  2:46  Spore Crawler  
  29  2:58  Overlord  
  29  3:00  Drone x5  
  34  3:19  Drone x2  
  36  3:20  Drone  
  36  3:23  Drone x2  
  36  3:24  Drone  
  36  3:26  Drone x2  
  42  3:27  Extractor  
  41  3:35  Extractor  
  41  3:38  Extractor  
  41  3:39  Roach Warren  
  38  3:41  Drone  
  38  3:42  Drone x2  
  38  3:44  Overlord  
  42  3:52  Hatchery  
  41  3:55  Drone  
  41  3:56  Drone x2  
  44  4:05  Evolution Chamber  
  44  4:06  Evolution Chamber  
  42  4:18  Drone x5  
  42  4:19  Drone  
  48  4:31  Roach x2  
  52  4:35  Extractor  
  51  4:39  Overlord  
  51  4:41  Overlord  
  51  4:45  Drone  
  52  4:47  Extractor  
  52  4:48  Drone  
  52  5:11  Roach x10  
  62  5:33  Drone x7  
  69  5:38  Drone  
  70  5:46  Drone  
  70  5:47  Drone x2  
  73  5:52  Spore Crawler x2  
  73  5:54  Spore Crawler  
  73  5:57  Spore Crawler  
  69  6:00  Spore Crawler  
  68  6:10  Drone x3  
  71  6:11  Drone x3  
  74  6:26  Zerg Ground Armor Level 1, Zerg Missile Weapons Level 1  
  74  6:27  Lair  
  74  6:40  Overlord  
  74  6:41  Overlord  
  74  6:42  Overlord  
  74  6:54  Spore Crawler  
  71  6:55  Spore Crawler  
  67  7:18  Drone x11  
  67  7:19  Drone x8  
  86  7:24  Drone x2  
  81  7:57  Drone x10  
  81  7:58  Spore Crawler  
  90  8:01  Spore Crawler  
  90  8:04  Spine Crawler  
  90  8:05  Spine Crawler, Extractor  
  87  8:07  Extractor  
  87  8:08  Spine Crawler  
  84  8:21  Drone x8  
  84  8:25  Glial Reconstitution  
  92  8:29  Hatchery, Roach x3, Extractor  
  92  8:32  Overlord, Extractor  
  95  8:35  Overlord  
  95  8:55  Ravager x12  
  107  8:56  Roach x2  
  107  8:57  Roach  
  113  9:02  Overlord  
  113  9:03  Overlord x3  
  113  9:25  Roach x11  
  135  9:38  Overlord x4  
  135  9:59  Ravager x6  
  141  10:01  Ravager  
  141  10:02  Ravager x8  
  141  10:04  Roach x2  
  154  10:10  Drone x3  
  154  10:11  Drone x2  
  154  10:12  Drone  
  160  10:31  Roach x4  
  168  10:44  Overlord x6  
  168  10:51  Zerg Missile Weapons Level 2, Zerg Ground Armor Level 2  
  166  11:25  Roach x17  
  176  11:35  Roach x12  
  195  11:47  Roach  
  195  11:48  Roach  
  195  11:51  Ravager  
  197  12:00  Ravager  
  197  12:01  Ravager  
  190  12:11  Roach x5  
  158  12:41  Ravager x3  
  117  13:13  Roach  
  117  13:14  Roach x14  
  117  13:15  Ravager x6  
  120  13:43  Roach x8  
  120  13:45  Ravager x2  
  120  13:46  Ravager x13  
  148  14:15  Roach x12  
  172  14:54  Ravager  
  172  14:55  Ravager  
  172  14:56  Ravager x11  
  185  15:30  Hatchery  
  185  15:33  Extractor  
  185  15:34  Extractor  
  166  15:45  Hatchery, Extractor  
  159  16:01  Roach  
  159  16:02  Roach x21  
  159  16:03  Roach x2  
  183  16:08  Ravager x6  
  174  16:37  Ravager x9  
  184  16:40  Ravager x5  
  184  16:43  Ravager x10  
  198  17:01  Spine Crawler x2  
  198  17:06  Spine Crawler  
  195  17:15  Spine Crawler  
  195  17:16  Spine Crawler  
  192  17:40  Spine Crawler  
  192  17:43  Spine Crawler x2  
  174  17:45  Spine Crawler x2  
  138  17:56  Roach x15  
  138  17:57  Roach x2  
Tags
 
Add a new tag
Caveats
  • Supply blocks, unpowered buildings, or Contaminate may cause inaccurate times.
  • Supply counts are checked every 10 seconds.